 Dungeon Crawl Stone Soup version 0.28.0 (webtiles) character file.

Game seed: 6243762877669378970

111624 Colgate the Slayer (level 16, -9/161 HPs)
             Began as a Merfolk Abyssal Knight on Feb 15, 2022.
             Was a High Priest of Lugonu.
             Mangled by Asterion (15 damage)
             ... on level 1 of the Spider Nest.
             The game lasted 02:22:03 (33681 turns).

Colgate the Slayer (Merfolk Abyssal Knight)        Turns: 33681, Time: 02:22:03

Health: -9/161     AC: 15    Str: 20    XL:     16   Next: 58%
Magic:  6/23       EV: 13    Int:  9    God:    Lugonu [*****.]
Gold:   2561       SH:  4    Dex: 16    Spells: 15/15 levels left

rFire   . . .      SeeInvis .   l - +9 hunting sling of Innocence {venom, Drain rN+++ Dex+2}
rCold   . . .      Faith    .   L - +0 buckler
rNeg    + + +      Spirit   .   A - +4 ring mail of the Mackerel {rN++ Int-2}
rPois   +          Reflect  .   (helmet restricted)
rElec   .          Harm     .   I - +2 cloak
rCorr   .          Rampage  .   w - +2 pair of gloves
Will    +....                   (no boots)
Stlth   +.........              S - amulet of regeneration
HPRegen 1.16/turn               y - ring of poison resistance
MPRegen 0.18/turn               G - ring of flight

@: lethally poisoned (-9 -> -10), flying, invisible
A: (nimble swimmer 2), mertail, horns 1
a: Renounce Religion, Depart the Abyss, Bend Space, Banish, Corrupt, Enter the
Abyss


You were on level 1 of the Spider Nest.
You worshipped Lugonu.
Lugonu was extremely pleased with you.
You visited 4 branches of the dungeon, and saw 24 of its levels.
You visited the Abyss 1 time.

You collected 2945 gold pieces.
You spent 384 gold pieces at shops.

Inventory:

Hand Weapons
 l - the +9 hunting sling of Innocence (weapon) {venom, Drain rN+++ Dex+2}
   (You found it on level 2 of the Dungeon)

   Any ammunition fired from it poisons the flesh of those it strikes.
   Dex:       It affects your dexterity (+2).
   rN:        It renders you almost immune to negative energy.
   Drain:     It drains your maximum health when unequipped.
 H - a +0 fustibalus
Missiles
 c - 128 stones
 f - a throwing net
 m - 15 sling bullets (quivered ammo)
 o - 79 poisoned darts
 x - 10 curare-tipped darts
 B - 2 atropa-tipped darts
 K - 17 javelins
 U - 6 boomerangs
Armour
 u - a +2 helmet
 w - a +2 pair of gloves (worn)
 A - the +4 ring mail of the Mackerel (worn) {rN++ Int-2}
   (You found it on level 7 of the Dungeon)

   Int:       It affects your intelligence (-2).
   rN:        It greatly protects you from negative energy.
 I - a +2 cloak (worn)
 L - a +0 buckler (worn)
Jewellery
 y - a ring of poison resistance (left hand)
 G - a ring of flight (right hand)
 S - an amulet of regeneration (around neck)
 V - a ring of resist corrosion
Wands
 j - a wand of polymorph (10)
 p - a wand of flame (76)
 r - a wand of paralysis (8)
 F - a wand of mindburst (15)
 M - a wand of charming (7)
 W - a wand of iceblast (6)
Scrolls
 a - 2 scrolls of blinking
 e - 2 scrolls of fog
 n - 8 scrolls of teleportation
 C - 2 scrolls of torment
 D - 6 scrolls of immolation
 E - 4 scrolls of vulnerability
 N - a scroll of holy word
 R - a scroll of fear
 X - a scroll of brand weapon {unknown}
 Y - a scroll of silence
Potions
 b - 3 potions of resistance
 d - a potion of magic
 g - a potion of haste
 h - 3 potions of heal wounds
 i - 5 potions of flight
 k - 3 potions of might
 q - 5 potions of attraction
 s - 9 potions of curing
 t - 5 potions of brilliance
 v - 3 potions of lignification
 z - 10 potions of ambrosia
 J - 2 potions of berserk rage
 Q - a potion of invisibility
Miscellaneous
 O - a tin of tremorstones (2/2)
 P - a phantom mirror (inert)
 T - a phial of floods
 Z - a piece from Xom's chessboard (15/15)


   Skills:
 + Level 24.6 Fighting
 - Level 4.0 Polearms
 - Level 12.0 Slings
 - Level 3.1 Armour
 - Level 6.0 Dodging
 - Level 1.3 Stealth
 - Level 2.1 Shields
 - Level 10.0 Invocations


You had 15 spell levels left.
You didn't know any spells.
Your spell library contained the following spells:

 Spells                   Type           Power      Damage    Failure   Level
 Beastly Appendage        Tmut           0%         N/A       65%         1
 Slow                     Hex            0%         N/A       65%         1
 Sting                    Tmut/Pois      0%         1d3       65%         1
 Summon Small Mammal      Summ           0%         N/A       65%         1
 Call Imp                 Summ           0%         N/A       80%         2
 Corpse Rot               Necr/Air       0%         N/A       80%         2
 Poisonous Vapours        Pois/Air       0%         N/A       80%         2
 Sublimation of Blood     Necr           0%         N/A       80%         2
 Wereblood                Tmut           0%         N/A       80%         2
 Confusing Touch          Hex            0%         N/A       95%         3
 Spider Form              Tmut/Pois      0%         N/A       95%         3
 Vampiric Draining        Necr           0%         2d6       95%         3
 Animate Armour           Summ/Erth      0%         N/A       100%        4
 Hailstorm                Conj/Ice       0%         3d3       100%        4
 Ice Form                 Ice/Tmut       0%         N/A       100%        4
 Olgreb's Toxic Radiance  Pois           0%         N/A       100%        4
 Petrify                  Tmut/Erth      0%         N/A       100%        4
 Summon Ice Beast         Ice/Summ       0%         N/A       100%        4
 Irradiate                Conj/Tmut      0%         3d14      100%        5
 Simulacrum               Ice/Necr       0%         N/A       100%        6
 Malign Gateway           Summ/Tloc      0%         N/A       100%        7
 Spellforged Servitor     Conj/Summ      0%         N/A       100%        7
 Summon Horrible Things   Summ           0%         N/A       100%        8


Dungeon Overview and Level Annotations

Branches:
Dungeon (15/15)            Temple (0/1) D:4            Lair (6/6) D:9
 Shoals (0/4) Lair:3       Spider (1/4) Lair:2        Slime (0/5) Lair:6
    Orc (2/2) D:11            Elf (0/3) Orc:2        Vaults (0/5) D:13
 Depths (0/4) D:15

Altars:
Elyvilon
Hepliaklqana
Kikubaaqudgha
Trog
Zin
The Shining One
Beogh
Lugonu

Shops:
D:6 !   Orc:2 *:*((

Portals:
Abyss: D:10

Annotations:
D:15 corrupted
Lair:4 corrupted, 2 transporters, DasRunzen's ghost, journeyman DjIE
Spider:1 Asterion
Orc:2 corrupted
Abyss:1 Donald; Gastronok; Nessos; Snorg


Innate Abilities, Weirdness & Mutations

((You are very nimble when in or above water. (Stealth+, EV+, Speed+++)))
Your lower body shifts to a powerful aquatic tail in water.
You have a pair of small horns on your head.


Message History

Fire: 19 sling bullets
Press: ? - help, Q - select action, (/) - cycle Shift-Dir - straight line, f/p - Asterion
Aim: Asterion, wielding a +5 demon trident of venom, wearing a +0 scale mail, wearing a +0 kite shield and wearing a +6 ring of dexterity (heavily wounded, very poisoned, 93% to hit)
You shoot a sling bullet. The sling bullet hits Asterion.
Asterion looks as sick as possible!
Asterion is heavily wounded.
You feel very sick.
Fire: 18 sling bullets
Press: ? - help, Q - select action, (/) - cycle Shift-Dir - straight line, f/p - Asterion
Aim: Asterion, wielding a +5 demon trident of venom, wearing a +0 scale mail, wearing a +0 kite shield and wearing a +6 ring of dexterity (heavily wounded, extremely poisoned, 93% to hit)
You shoot a sling bullet.
Asterion blocks the sling bullet.
You feel sick.
Asterion says, "Kneel before Makhleb, unbeliever!"
Asterion misses you. The blizzard demon hits you!
* * * LOW HITPOINT WARNING * * *
The blizzard demon hits you but does no damage.
Press: ? - help, v - describe, . - travel
Here: a blizzard demon (summoned)
The floor.
Unknown command.
You feel very sick.
Fire: 17 sling bullets
Press: ? - help, Q - select action, (/) - cycle Shift-Dir - straight line, f/p - Asterion
Aim: Asterion, wielding a +5 demon trident of venom, wearing a +0 scale mail, wearing a +0 kite shield and wearing a +6 ring of dexterity (heavily wounded, extremely poisoned, 93% to hit)
You shoot a sling bullet.
Asterion blocks the sling bullet.
You feel sick. The blizzard demon gestures at you.
The bolt of lightning misses you.
Fire: 16 sling bullets
Press: ? - help, Q - select action, (/) - cycle Shift-Dir - straight line, f/p - Asterion
Aim: Asterion, wielding a +5 demon trident of venom, wearing a +0 scale mail, wearing a +0 kite shield and wearing a +6 ring of dexterity (heavily wounded, extremely poisoned, 93% to hit)
You shoot a sling bullet.
Asterion blocks the sling bullet.
You feel sick.
Asterion hits you from afar with a +5 demon trident of venom!!
* * * LOW HITPOINT WARNING * * *
Unknown command.
You fade into invisibility!
You feel sick.
Asterion hits you from afar with a +5 demon trident of venom!
You die...

..#..^#..#..#........##..# #
#...^#(.#..#.....#...#.^#.
#.##.#.#(#..!.....#.#.<.....
. .....#.(.#.^..#.....#.....
...#...(#(..#####..#......##
.(.....#(...^...........#...
. .#((((.H#.##...#...#.#..##
.....#.#.#......#.^.#...#^..
.##...##..#@>.#..#....#.#...
......)...#..(.#(.^.#.....
(......##.....#..#..#...#...
..#..#^..#..#........#....^.
. .. /###...... #.#..#..>.#.
..... ......#.#...#.......
...#. #. .#.$.#.. #... .. ..
#.#. ..


You could see Asterion (very poisoned).

Vanquished Creatures
  Frances (D:13)
  A dire elephant (Lair:5)
  2 ettins
  Josephine (D:11)
  2 fire dragons
  2 rakshasas
  4 boulder beetles
  5 hydras
  8 vault guards (D:13)
  2 catoblepae
  3 centaur warriors
  11 two-headed ogres
  3 death yaks (Lair:6)
  6 orc high priests (Orc:2)
  Urug (Orc:1)
  Sonja (Lair:2)
  A fire crab (Lair:5)
  2 steelbarb worms (Spider:1)
  3 deep trolls (D:15)
  2 wizards (D:15)
  2 orb spiders
  4 lindwurms (Lair:6)
  An orc knight (D:15)
  19 ugly things
  A deep elf pyromancer (D:14)
  An orc sorcerer (Orc:2)
  6 cyclopes
  A shining eye (shapeshifter) (D:15)
  A centaur zombie (D:11)
  8 black mambas
  2 manticores
  8 elephants
  6 torpor snails (Lair:6)
  Maggie (D:10)
  4 rime drakes
  2 gargoyles
  A demonic crawler (Spider:1)
  10 cane toads
  2 yaktaurs (D:15)
  A tengu conjurer (D:14)
  4 efreet
  10 komodo dragons
  A kobold demonologist (D:10)
  A queen bee (D:13)
  2 meliai (D:13)
  3 polar bears
  8 hornets
  A wolf spider simulacrum (D:14)
  A troll (Orc:2)
  2 tarantellas
  4 tyrant leeches (Lair:6)
  Prince Ribbit (D:5)
  16 blink frogs
  9 slime creatures
  14 dream sheep (Lair:6)
  2 centaur simulacra
  4 culicivoras (Spider:1)
  27 yaks
  Sigmund (D:3)
  2 spriggans (Lair:3)
  A shadow (D:12)
  7 wraiths
  2 wyverns
  7 jumping spiders (Spider:1)
  A vampire (D:12)
  Grum (D:8)
  6 basilisks
  A golden eye (shapeshifter) (D:14)
  4 hogs (D:13)
  19 redbacks (Spider:1)
  A steam dragon (D:9)
  5 vampire mosquitoes
  Menkaure (D:6)
  4 wargs
  Duvessa (D:7)
  2 acid dragons
  21 water moccasins
  14 orc warriors
  A sky beast (D:8)
  4 black bears
  7 ogres
  18 wolves
  4 centaurs
  16 kobold brigands
  11 bullfrogs
  3 gnoll sergeants
  A scorpion (D:6)
  A wyvern skeleton (D:7)
  A water moccasin zombie (D:5)
  Dowan (D:7)
  3 wights (D:8)
  30 killer bees
  2 howler monkeys
  An electric eel (Lair:3)
  2 lava snakes (D:13)
  A bullfrog zombie (D:6)
  6 jellies
  32 orc priests
  2 hounds
  3 iguanas
  20 orc wizards
  A killer bee zombie (D:7)
  A howler monkey zombie (D:11)
  Robin (D:3)
  22 gnolls
  A river rat (D:6)
  14 adders
  2 shadow imps
  A white imp (D:6)
  An ufetubus (D:6)
  A worm (D:5)
  4 dart slugs
  63 orcs
  8 ball pythons
  8 endoplasms
  5 giant cockroaches
  12 goblins
  10 hobgoblins
  7 jackals
  13 kobolds
  5 bats
  A frilled lizard (D:1)
  5 rats
  A lurking horror (D:10)
710 creatures vanquished.

Vanquished Creatures (others)
  Kirke (D:13)
  Erolcha (Orc:2)
  A catoblepas (Lair:4)
  A centaur warrior (D:15)
  5 death yaks (Lair:4)
  2 orc high priests (Orc:2)
  A deep elf pyromancer (D:15)
  A cyclops (D:15)
  2 black mambas
  A yaktaur (D:15)
  A komodo dragon (Lair:4)
  A troll (Orc:2)
  A wyvern (Lair:4)
  A warg (Orc:2)
  A water moccasin (Lair:4)
  2 orc warriors (Orc:2)
  2 ogres (Orc:2)
  4 centaurs (D:15)
  3 wolves (Lair:4)
  6 orc priests (Orc:2)
  17 orcs (Orc:2)
  30 fungi
  54 plants
  5 starspawn tentacles (Lair:4)
  7 withered plants (D:11)
151 creatures vanquished.

Grand Total: 861 creatures vanquished

Notes
Turn   | Place    | Note
-------+----------+-------------------------------------------
     0 | Abyss:1  | Colgate the Merfolk Abyssal Knight began the quest for the
                  | Orb.
     0 | Abyss:1  | Reached XP level 1. HP: 18/18 MP: 2/2
    60 | Abyss:1  | Noticed a small abomination
    71 | Abyss:1  | Noticed an alligator snapping turtle skeleton
    77 | Abyss:1  | Noticed a thrashing horror
   104 | Abyss:1  | Found a corrupted altar of Lugonu.
   150 | Abyss:1  | Noticed a large abomination
   203 | Abyss:1  | Noticed a starcursed mass
   209 | D:1      | Escaped the Abyss
   564 | D:1      | Reached XP level 2. HP: 18/24 MP: 3/3
   878 | D:1      | Reached * piety under Lugonu
  1575 | D:2      | Reached skill level 4 in Fighting
  1624 | D:2      | Reached XP level 3. HP: 30/30 MP: 4/4
  1737 | D:2      | Identified the +9 hunting sling of Innocence {venom, Drain
                  | rN+++ Dex+2}
  2049 | D:2      | Reached skill level 1 in Armour
  2104 | D:2      | You fall into a shaft and drop 2 floors!
  2131 | D:4      | Found a hazy altar of Hepliaklqana.
  2148 | D:4      | Reached skill level 1 in Slings
  2150 | D:4      | Reached XP level 4. HP: 37/37 MP: 5/5
  2171 | D:4      | Found a staircase to the Ecumenical Temple.
  2266 | D:4      | Reached XP level 5. HP: 42/42 MP: 6/6
  2372 | D:3      | Reached ** piety under Lugonu
  3023 | D:3      | Noticed Robin
  3025 | D:3      | Noticed a water moccasin
  3025 | D:3      | Noticed Sigmund
  3036 | D:3      | Killed Robin
  3310 | D:3      | Killed Sigmund
  3311 | D:3      | Reached XP level 6. HP: 41/48 MP: 7/7
  3329 | D:3      | Killed a water moccasin
  3330 | D:3      | Reached skill level 5 in Slings
  3330 | D:3      | Reached XP level 7. HP: 47/54 MP: 8/8
  4410 | D:5      | Entered Level 5 of the Dungeon
  4426 | D:5      | Found a glowing golden altar of the Shining One.
  4428 | D:5      | Found a white marble altar of Elyvilon.
  4448 | D:5      | Noticed Prince Ribbit
  4472 | D:5      | Killed Prince Ribbit
  4558 | D:5      | Reached XP level 8. HP: 49/60 MP: 9/9
  5127 | D:5      | Reached *** piety under Lugonu
  5631 | D:6      | Reached skill level 5 in Invocations
  5691 | D:6      | Reached XP level 9. HP: 65/65 MP: 11/13
  6118 | D:6      | Found Ipod's Distillery.
  6153 | D:6      | Bought a potion of heal wounds for 60 gold pieces
  6309 | D:6      | Noticed Menkaure
  6312 | D:6      | Killed Menkaure
  6329 | D:6      | Found an ancient bone altar of Kikubaaqudgha.
  6530 | D:7      | Noticed Dowan
  6533 | D:7      | Killed Dowan
  6533 | D:7      | Noticed Duvessa
  6543 | D:7      | Killed Duvessa
  7031 | D:7      | Identified the +4 ring mail of the Mackerel {rN++ Int-2}
  7387 | D:8      | Reached **** piety under Lugonu
  7394 | D:8      | Noticed a cyclops
  7403 | D:8      | Killed a cyclops
  7404 | D:8      | Reached skill level 10 in Slings
  7404 | D:8      | Reached XP level 10. HP: 71/71 MP: 15/15
  7608 | D:8      | Reached skill level 5 in Fighting
  7681 | D:6      | Bought a potion of might for 48 gold pieces
  7681 | D:6      | Bought a potion of curing for 36 gold pieces
  7681 | D:6      | Bought a potion of attraction for 36 gold pieces
  7681 | D:6      | Bought a potion of degeneration for 12 gold pieces
  7681 | D:6      | Bought a potion of mutation for 96 gold pieces
  7681 | D:6      | Bought a potion of ambrosia for 96 gold pieces
  7934 | D:8      | Noticed Grum
  7943 | D:8      | Killed Grum
  7944 | D:8      | Reached skill level 6 in Fighting
  8255 | D:8      | Noticed Maurice
  8256 | D:8      | Noticed Maurice
  8256 | D:8      | Maurice changed into Maurice the howler monkey
  8260 | D:8      | Killed Maurice the howler monkey
  8373 | D:9      | Noticed a boulder beetle
  8385 | D:9      | Killed a boulder beetle
  8386 | D:9      | Reached skill level 8 in Fighting
  8427 | D:9      | Noticed a two-headed ogre
  8661 | D:9      | Noticed Gastronok
  8663 | D:9      | Banished Gastronok
  8734 | D:9      | Reached XP level 11. HP: 86/86 MP: 16/16
  8958 | D:8      | Killed a two-headed ogre
  9171 | D:9      | Reached ***** piety under Lugonu
  9293 | D:9      | Found a staircase to the Lair.
  9570 | D:10     | Entered Level 10 of the Dungeon
  9575 | D:10     | Noticed Maggie
  9584 | D:10     | Killed Maggie
  9694 | D:10     | Noticed a two-headed ogre
  9703 | D:10     | Killed a two-headed ogre
  9767 | D:10     | Noticed a two-headed ogre
  9773 | D:10     | Killed a two-headed ogre
  9957 | D:10     | Found a corrupted altar of Lugonu.
  9957 | D:10     | Found a one-way gate to the infinite horrors of the Abyss.
 10233 | D:10     | Reached skill level 10 in Invocations
 10369 | D:10     | Noticed a sixfirhy
 10457 | D:10     | Reached skill level 9 in Fighting
 11198 | D:11     | Got the Tome of Creation
 11279 | D:11     | Noticed Josephine
 11292 | D:11     | Killed Josephine
 11293 | D:11     | Reached skill level 10 in Fighting
 11293 | D:11     | Reached XP level 12. HP: 97/97 MP: 19/19
 11575 | D:11     | Reached skill level 11 in Fighting
 11788 | D:11     | Found a staircase to the Orcish Mines.
 11822 | D:11     | Noticed a two-headed ogre
 11855 | D:11     | Noticed a two-headed ogre
 11864 | D:11     | Killed a two-headed ogre
 11868 | D:11     | Killed a two-headed ogre
 11869 | D:11     | Reached skill level 12 in Fighting
 12162 | D:11     | Found an ancient bone altar of Kikubaaqudgha.
 13043 | D:12     | Noticed a boulder beetle
 13060 | D:12     | Killed a boulder beetle
 13188 | D:12     | Noticed a four-headed hydra
 13195 | D:12     | Killed a four-headed hydra
 13196 | D:12     | Reached skill level 13 in Fighting
 13269 | D:12     | Noticed a two-headed ogre
 13280 | D:12     | Killed a two-headed ogre
 13475 | D:12     | Noticed a boulder beetle
 13497 | D:12     | Killed a boulder beetle
 13823 | D:12     | Noticed a two-headed ogre
 13839 | D:12     | Killed a two-headed ogre
 13840 | D:12     | Reached skill level 14 in Fighting
 13852 | D:12     | Reached XP level 13. HP: 113/113 MP: 20/20
 14312 | Lair:1   | Entered Level 1 of the Lair of Beasts
 14450 | Lair:1   | Reached skill level 15 in Fighting
 15964 | Lair:2   | Reached ****** piety under Lugonu
 15967 | Lair:2   | Noticed Sonja
 15975 | Lair:2   | Killed Sonja
 15976 | Lair:2   | Reached skill level 16 in Fighting
 16265 | Lair:2   | Found a hole to the Spider Nest.
 16793 | Lair:3   | You are sucked into a shaft and drop 1 floor!
 16801 | Lair:4   | Corrupted Lair:4
 16801 | Lair:4   | Noticed a purple very ugly thing
 16803 | Lair:4   | Noticed a tentacled starspawn
 16804 | Lair:4   | Noticed a starcursed mass
 16804 | Lair:4   | Noticed a tentacled starspawn
 16807 | Lair:4   | Noticed a naga warrior
 16807 | Lair:4   | Noticed a tentacled starspawn
 16811 | Lair:4   | Noticed a great orb of eyes
 16811 | Lair:4   | Noticed a naga warrior
 17471 | Lair:3   | Found a staircase to the Shoals.
 17494 | Lair:3   | Reached skill level 17 in Fighting
 18204 | Lair:4   | Noticed DasRunzen's ghost (journeyman DjIE)
 18208 | Lair:4   | Found a bloodstained altar of Trog.
 18208 | Lair:4   | Found a transporter.
 18224 | Lair:4   | Found a transporter.
 19167 | Lair:5   | Reached skill level 18 in Fighting
 19186 | Lair:5   | Reached XP level 14. HP: 130/130 MP: 21/21
 19297 | Lair:5   | Identified the +6 shortbow "Ijiqa" {flame, Int+3}
 19681 | Lair:6   | Entered Level 6 of the Lair of Beasts
 19719 | Lair:6   | Reached skill level 1 in Shields
 19726 | Lair:6   | Reached skill level 1 in Stealth
 19843 | Lair:6   | Found a staircase to the Slime Pits.
 20443 | Lair:6   | Reached skill level 19 in Fighting
 20524 | Lair:6   | Noticed a dire elephant
 20612 | Lair:5   | Killed a dire elephant
 21172 | Lair:6   | Found a runed translucent door.
 21245 | Lair:6   | Reached skill level 20 in Fighting
 22676 | Orc:1    | Entered Level 1 of the Orcish Mines
 22867 | Orc:1    | Noticed Urug
 22882 | Orc:1    | Killed Urug
 22883 | Orc:1    | Reached XP level 15. HP: 126/143 MP: 22/22
 22920 | Orc:1    | You are sucked into a shaft and drop 1 floor!
 22920 | Orc:2    | Entered Level 2 of the Orcish Mines
 22920 | Orc:2    | Found Vyixip's Antique Weapon Shoppe.
 22921 | Orc:2    | Corrupted Orc:2
 22921 | Orc:2    | Noticed a deep elf elementalist
 22921 | Orc:2    | Noticed a bone dragon
 22959 | Orc:1    | Reached skill level 21 in Fighting
 23426 | Orc:2    | Noticed a Hell Sentinel
 23434 | Orc:2    | Killed Erolcha
 23444 | Orc:2    | Found Ewa Jox's Antique Weapon Shop.
 23916 | Orc:2    | Found a staircase to the Elven Halls.
 24033 | Orc:2    | Found Xammir's General Store.
 24523 | Orc:2    | Found Jazoqy's General Store.
 24523 | Orc:2    | Found Geunott's Book Shop.
 25829 | D:13     | Noticed Kirke
 25871 | D:13     | Killed Kirke
 25993 | D:13     | Reached skill level 22 in Fighting
 26168 | D:13     | Reached skill level 5 in Dodging
 26253 | D:13     | Noticed Snorg
 26291 | D:13     | Banished Snorg
 26385 | D:13     | Found a gate to the Vaults.
 26480 | D:13     | Noticed Nessos
 26481 | D:13     | Banished Nessos
 26650 | D:13     | Noticed Frances
 26673 | D:13     | Killed Frances
 27932 | D:14     | Reached skill level 23 in Fighting
 28186 | D:14     | Reached XP level 16. HP: 157/157 MP: 23/23
 29191 | D:15     | Entered Level 15 of the Dungeon
 29217 | D:15     | Gained mutation: You are frail. (-10% HP) [a shining eye]
 29221 | D:15     | Gained mutation: You sometimes lose the ability to read
                  | scrolls when taking damage. [a shining eye]
 29392 | D:6      | Lost mutation: You are frail. (-10% HP) [potion of
                  | mutation]
 29392 | D:6      | Lost mutation: You sometimes lose the ability to read
                  | scrolls when taking damage. [potion of mutation]
 29392 | D:6      | Gained mutation: You are partially covered in large bone
                  | plates. (SH +4) [potion of mutation]
 29392 | D:6      | Gained mutation: You are frail. (-10% HP) [potion of
                  | mutation]
 29393 | D:6      | Lost mutation: You are frail. (-10% HP) [potion of
                  | mutation]
 29393 | D:6      | Lost mutation: You are partially covered in large bone
                  | plates. (SH +4) [potion of mutation]
 29393 | D:6      | Gained mutation: You have a pair of small horns on your
                  | head. [potion of mutation]
 30058 | D:15     | Reached skill level 24 in Fighting
 30405 | D:15     | Found a staircase to the Depths.
 30639 | D:15     | Corrupted D:15
 30639 | D:15     | Noticed a tentacled starspawn
 30642 | D:15     | Noticed a tentacled starspawn
 30648 | D:15     | Noticed a tentacled starspawn
 31388 | D:15     | Found a glowing silver altar of Zin.
 31967 | D:15     | Found a glowing silver altar of Zin.
 32156 | D:15     | Found a staircase to the Depths.
 32954 | Spider:1 | Entered Level 1 of the Spider Nest
 32954 | Spider:1 | Noticed Donald
 32955 | Spider:1 | Banished Donald
 33657 | Spider:1 | Noticed Asterion
 33680 | Spider:1 | HP: 7/161 [Asterion (21)]
 33681 | Spider:1 | Mangled by Asterion

Illustrated notes

Levels and vault maps discovered:
D:1:      dpeg_arrival_water_temple_mockup, layout_basic, minmay_misc_feat_rows,
          hangedman_decor_points
D:2:      layout_loops_corners
D:3:      layout_basic, uniq_robin, uniq_sigmund
D:4:      layout_layer_cave, overflow_temple_1_default, temple_fountains
D:5:      layout_basic, chequers_temple_overflow_statue_of_worship,
          uniq_prince_ribbit1
D:6:      layout_gridville, mainiacjoe_overflow_tiny_flanked, serial_shops,
          nicolae_lakefront_shop, portal_sewer_entry_b, uniq_menkaure
D:7:      layout_rooms, uniq_duvessa
D:8:      layout_cave_pools, uniq_grum, uniq_maurice
D:9:      layout_big_octagon, uniq_gastronok
D:10:     layout_cave_pods, special_room [special_room_kobold], serial_glass,
          glass_columns_b, glass_columns_a, amcnicky_altar_lugonu_corruption,
          uniq_maggie
D:11:     layout_cave_pods, minmay_orc_entry_temple_small,
          minmay_misc_feat_secret_circle, minivault_11,
          kiku_gazebo_garden_becter, uniq_josephine
D:12:     layout_irregular_city, gauntlet_entry_generic
D:13:     layout_roguey, erik_vaults_2, special_room [special_room_bee],
          hex_tiny, kennysheep_big_empty_room, uniq_snorg, uniq_kirke,
          uniq_frances, uniq_nessos
D:14:     layout_roguey, nrook_uturn
D:15:     hangedman_depths_entry_civil_slaughter, layout_layer_cave, zin_angel,
          minmay_quadrilaterals
Lair:1:   layout_long_grid, serial_forest, infiniplex_forest_clump_double,
          infiniplex_forest_end_1, infiniplex_forest_end_2,
          infiniplex_forest_corner_1, infiniplex_forest_clump_small,
          infiniplex_forest_lined_room_2, infiniplex_forest_clump_C,
          infiniplex_forest_lined_2, infiniplex_forest_lined_2,
          infiniplex_forest_lined_2
Lair:2:   layout_chaotic_city, nicolae_spider_entry_orb_guardian,
          lemuel_old_faithful, grunt_megastairs_4, uniq_sonja
Lair:3:   minmay_lair_venomous_thicket, layout_regular_city,
          elwin_shoals_entry_rocks, nicolae_quartered_pool_super,
          forest_entry_grove
Lair:4:   layout_cave_pods, gammafunk_ghost_wrathful_warriors,
          grunt_megastairs_1, infiniplex_staircase_pool_2
Lair:5:   layout_misc_corridors, kennysheep_catoblepas_arena,
          serial_bayou_shore_b, infiniplex_staircase_pool
Lair:6:   wormcave, layout_cave_shapes, hangedman_lair_in_review,
          nicolae_slime_entry_slimehenge
Spider:1: layout_spider_delve, guppyfry_spider_mini_2, uniq_asterion,
          uniq_donald
Orc:1:    layout_caves, uniq_urug
Orc:2:    st_orc_town, layout_caves, serial_shops,
          nicolae_shop_overgrown_old_shop, uniq_erolcha

Skill      XL: |  1  2  3  4  5  6  7  8  9 10 11 12 13 14 15 16 |
---------------+-------------------------------------------------+-----
Polearms       | 4 |  4.0
Fighting       | 4 8 10 14 18 20 23 24 | 24.6
Armour         | 1 2 3 |  3.1
Slings         | 1 2 4 5 6 8 10 11 12 | 12.0
Invocations    | 5 7 10 | 10.0
Dodging        | 3 6 |  6.0
Shields        | 1 2 |  2.1
Stealth        | 1 |  1.3

Action                   |  1- 3 |  4- 6 |  7- 9 | 10-12 | 13-15 | 16-18 || total
-------------------------+-------+-------+-------+-------+-------+-------++-------
Melee: Spear             |    60 |       |       |       |       |       ||    60
       Hunting sling     |       |     1 |       |       |       |       ||     1
 Fire: Hunting sling     |    13 |    66 |   273 |   672 |  1712 |   444 ||  3180
Throw: Boomerang         |       |       |       |       |    10 |       ||    10
       Javelin           |       |       |       |       |     3 |       ||     3
Invok: Depart the Abyss  |     1 |       |       |       |       |       ||     1
       Bend Space        |       |       |     1 |    18 |    73 |    25 ||   117
       Banish            |       |       |       |     2 |     6 |    11 ||    19
       Corrupt           |       |       |       |       |     2 |     1 ||     3
Evoke: Wand              |       |       |       |     2 |       |       ||     2
       Phial of floods   |       |       |       |       |     1 |       ||     1
       Tin of tremorston |       |       |       |       |     1 |       ||     1
       Phantom mirror    |       |       |       |       |       |     1 ||     1
  Use: Scroll            |       |       |    12 |     3 |     5 |     2 ||    22
       Potion            |       |       |       |       |       |     3 ||     3
Armor: Leather armour    |     7 |       |       |       |       |       ||     7
       Ring mail         |     9 |    10 |    19 |    55 |   232 |    77 ||   402
       Fire dragon scale |       |       |       |       |       |     4 ||     4
Dodge: Dodged            |    22 |     8 |    25 |    74 |   288 |    77 ||   494
Block: Buckler           |       |       |       |       |    70 |    34 ||   104
